 Dungeon Crawl Stone Soup version 0.29.1-13-g9f3cf754e1 (webtiles) character file.

Game seed: 8656175589289155750

168 sanboga the Slasher (level 5, 46/47 HPs)
             Began as a Gnoll Berserker on Jan 25, 2023.
             Was a Believer of Trog.
             Quit the game on level 3 of the Dungeon on Jan 26, 2023.
             The game lasted 00:02:45 (3004 turns).

sanboga the Slasher (Gnoll Berserker)               Turns: 3004, Time: 00:02:46

Health: 46/47      AC:  7    Str: 17    XL:     5   Next: 49%
Magic:  7/7        EV: 12    Int:  6    God:    Trog [**....]
Gold:   172        SH:  0    Dex: 13    Spells: 7/7 levels left

rFire   . . .      SeeInvis .   d - +0 short sword (vamp)
rCold   . . .      Faith    .   (no shield)
rNeg    . . .      Spirit   .   h - +0 ring mail
rPois   .          Reflect  .   (no helmet)
rElec   .          Harm     .   (no cloak)
rCorr   .          Rampage  .   (no gloves)
Will    .....                   m - +0 pair of boots
Stlth   +.........              (no amulet)
HPRegen 0.15/turn               (no ring)
MPRegen 0.10/turn               (no ring)

@: no status effects
A: fangs 1, strong nose, distributed training
a: Renounce Religion, Berserk, Trog's Hand


You were on level 3 of the Dungeon.
You worshipped Trog.
Trog was pleased with you.
You visited 1 branch of the dungeon, and saw 3 of its levels.

You collected 194 gold pieces.
You spent 22 gold pieces at shops.

Inventory:

Hand Weapons
 a - a +0 falchion
 d - a +0 vampiric short sword (weapon)
Armour
 h - a +0 ring mail (worn)
 m - a +0 pair of boots (worn)
Scrolls
 c - a scroll of teleportation
 f - a scroll of blinking {unknown}
 g - a scroll of magic mapping
 i - a scroll of fear {unknown}
 k - a scroll of amnesia {unknown}
 l - 2 scrolls of identify
 p - a scroll of summoning {unknown}
Potions
 b - a potion of haste {unknown}
 e - 4 potions of curing
 j - 3 potions of heal wounds {unknown}
 n - a potion of magic {unknown}
 o - a potion of mutation {unknown}


   Skills:
 + Level 6.7 Fighting
 + Level 1.6 Short Blades
 + Level 6.7 Long Blades
 + Level 1.6 Axes
 + Level 1.6 Maces & Flails
 + Level 1.6 Polearms
 + Level 1.6 Staves
 + Level 1.6 Ranged Weapons
 + Level 1.6 Throwing
 + Level 4.8 Armour
 + Level 4.8 Dodging
 + Level 1.6 Stealth
 + Level 1.6 Shields
 + Level 1.6 Unarmed Combat
 + Level 1.6 Spellcasting
 + Level 1.2 Conjurations
 + Level 1.2 Hexes
 + Level 1.2 Summonings
 + Level 1.2 Necromancy
 + Level 1.2 Translocations
 + Level 1.2 Transmutations
 + Level 1.2 Fire Magic
 + Level 1.2 Ice Magic
 + Level 1.2 Air Magic
 + Level 1.2 Earth Magic
 + Level 1.2 Poison Magic
 + Level 1.8 Invocations
 + Level 1.6 Evocations


You had 7 spell levels left.
You didn't know any spells.
Your spell library was empty.

Dungeon Overview and Level Annotations

Branches:
Dungeon (3/15)

Altars:
Cheibriados
Dithmenos
Elyvilon

Shops:
D:1 ?   D:3 (


Innate Abilities, Weirdness & Mutations

You have very sharp teeth.
Your uncanny sense of smell can sniff out nearby items.
Your experience applies equally to all skills.


Message History

No target in view!
Found a shadowy altar of Dithmenos.
No target in view!
Key pressed, stopping explore.
No target in view!
There is an open door here.
Key pressed, stopping explore.
No target in view!
Items here: ( ) ÷÷.
No target in view!
A bat is nearby!
You closely miss the bat. The bat closely misses you.
A bat is nearby!
The bat closely misses you.
A bat is nearby!
The bat barely misses you.
A bat is nearby!
The bat barely misses you. The bat hits you but does no damage.
A bat is nearby!
You hit the bat.
The bat is moderately wounded.
The bat closely misses you.
You closely miss the bat.
The bat is moderately wounded.
The bat hits you but does no damage.
You hit the bat.
The bat is severely wounded.
The bat hits you but does no damage.
A bat is nearby!
The bat closely misses you.
A bat is nearby!
The bat hits you but does no damage. The bat closely misses you.
A bat is nearby!
You hit the bat but do no damage.
The bat is moderately wounded.
The bat barely misses you. The bat hits you but does no damage.
The bat hits you. The bat hits you but does no damage.
Are you sure you want to abandon this character and quit the game? (Confirm with "yes".)

#...)## #.# ######## ###...#
#.## ###.###..# #
####....##.#########
#............<......
#...PP...#.....#####
###...♣♣♣♣..>....#####
##...#...♣P.......#....
##.(...@b....##......###
#.......)..........###
#............##....#
#............##.[..# #
######..######..############
#.......#....#####'.........
######.##._.#.....##########
#.##...#.###.#
#(######.#...#


You could see a bat.

Vanquished Creatures
  A hound (D:3)
  Jessica (D:3)
  An orc wizard (D:3)
  3 adders
  2 worms
  A dart slug (D:1)
  4 orcs (D:3)
  3 endoplasms
  3 giant cockroaches
  4 goblins
  3 hobgoblins
  4 jackals (D:1)
  5 kobolds
  A quokka (D:2)
  5 ball pythons
  3 frilled lizards
  6 rats
50 creatures vanquished.

Notes
Turn   | Place    | Note
-------+----------+-------------------------------------------
     0 | D:1      | sanboga the Gnoll Berserker began the quest for the Orb.
     0 | D:1      | Reached XP level 1. HP: 23/23 MP: 1/1
   232 | D:1      | Reached XP level 2. HP: 24/29 MP: 2/2
   521 | D:1      | Found Woexonej's Magic Scroll Shoppe.
   530 | D:1      | Bought a scroll of identify for 22 gold pieces
   933 | D:2      | Reached XP level 3. HP: 34/34 MP: 3/3
  1295 | D:2      | Reached ** piety under Trog
  1329 | D:2      | Found a white marble altar of Elyvilon.
  1411 | D:2      | Reached skill level 1 in Invocations
  1414 | D:2      | Reached skill level 1 in Short Blades
  1414 | D:2      | Reached skill level 1 in Axes
  1414 | D:2      | Reached skill level 1 in Maces & Flails
  1414 | D:2      | Reached skill level 1 in Polearms
  1414 | D:2      | Reached skill level 1 in Staves
  1414 | D:2      | Reached skill level 1 in Ranged Weapons
  1414 | D:2      | Reached skill level 1 in Throwing
  1414 | D:2      | Reached skill level 1 in Stealth
  1414 | D:2      | Reached skill level 1 in Shields
  1414 | D:2      | Reached skill level 1 in Unarmed Combat
  1414 | D:2      | Reached skill level 1 in Spellcasting
  1414 | D:2      | Reached skill level 1 in Evocations
  1655 | D:2      | Reached XP level 4. HP: 39/40 MP: 5/5
  2070 | D:3      | Reached skill level 1 in Conjurations
  2070 | D:3      | Reached skill level 1 in Hexes
  2070 | D:3      | Reached skill level 1 in Summonings
  2070 | D:3      | Reached skill level 1 in Necromancy
  2070 | D:3      | Reached skill level 1 in Translocations
  2070 | D:3      | Reached skill level 1 in Transmutations
  2070 | D:3      | Reached skill level 1 in Fire Magic
  2070 | D:3      | Reached skill level 1 in Ice Magic
  2070 | D:3      | Reached skill level 1 in Air Magic
  2070 | D:3      | Reached skill level 1 in Earth Magic
  2070 | D:3      | Reached skill level 1 in Poison Magic
  2321 | D:3      | Found a faded altar of an unknown god.
  2367 | D:3      | Reached XP level 5. HP: 38/47 MP: 7/7
  2451 | D:3      | Found Zipuin's Weapon Emporium.
  2752 | D:3      | Noticed Jessica
  2762 | D:3      | Killed Jessica
  2965 | D:3      | Found a snail-covered altar of Cheibriados.
  2974 | D:3      | Found a shadowy altar of Dithmenos.
  3004 | D:3      | Quit the game

Illustrated notes

Levels and vault maps discovered:
D:1:      amcnicky_arrival_single_pillar, layout_basic, serial_shops,
          nicolae_shop_statue_plus
D:2:      layout_basic, basic_altar
D:3:      layout_rooms, mainiacjoe_overflow_swirl,
          shapermc_ecumenical_altar_flowoftime, serial_shops, shop,
          serial_park_tiny_2, uniq_jessica

Skill      XL: |  1  2  3  4 |
---------------+-------------+-----
Invocations    | 1 |  1.8
Short Blades   | 1 |  1.6
Axes           | 1 |  1.6
Maces & Flails | 1 |  1.6
Polearms       | 1 |  1.6
Staves         | 1 |  1.6
Ranged Weapons | 1 |  1.6
Throwing       | 1 |  1.6
Stealth        | 1 |  1.6
Shields        | 1 |  1.6
Unarmed Combat | 1 |  1.6
Spellcasting   | 1 |  1.6
Evocations     | 1 |  1.6
Conjurations   | 1 |  1.2
Hexes          | 1 |  1.2
Summonings     | 1 |  1.2
Necromancy     | 1 |  1.2
Translocations | 1 |  1.2
Transmutations | 1 |  1.2
Fire Magic     | 1 |  1.2
Ice Magic      | 1 |  1.2
Air Magic      | 1 |  1.2
Earth Magic    | 1 |  1.2
Poison Magic   | 1 |  1.2
Fighting       | |  6.7
Long Blades    | |  6.7
Armour         | |  4.8
Dodging        | |  4.8

Action                   |  1- 3 |  4- 6 || total
-------------------------+-------+-------++-------
Melee: Falchion          |    35 |       ||    35
       Bite              |     9 |     8 ||    17
       Short sword       |    81 |   109 ||   190
       Punch             |     4 |     2 ||     6
Invok: Berserk           |     1 |     1 ||     2
  Use: Scroll            |     4 |     1 ||     5
 Stab: Sleeping          |     1 |       ||     1
Armor: Animal skin       |    10 |       ||    10
       Ring mail         |     5 |    42 ||    47
Dodge: Dodged            |    70 |    81 ||   151
